 Dungeon Crawl Stone Soup version bcrawl-1.21.3 (webtiles) character file.

Game seed: 3586541610641751216

102 funkygono the Covered (level 4, 0/40 HPs)
             Began as a Minotaur Fighter on Apr 5, 2020.
             Killed by divine providence
             ... invoked by an orc priest
              (13 damage)
             ... on level 3 of the Dungeon.
             The game lasted 00:03:45 (1608 turns).

funkygono the Covered (Minotaur Fighter)            Turns: 1608, Time: 00:03:46

Health: 0/40       AC:  8    Str: 21    XL:     4   Next: 50%
Magic:  3/3        EV:  8    Int:  5    God:
Gold:   174        SH:  9    Dex: 10    Spells: 3/3 levels left

rFire    . . .     SeeInvis .   a - +2 flail
rCold    . . .     Gourm    .   c - +0 medium shield
rNeg     . . .     Faith    .   b - +0 scale mail
rPois    .         Spirit   .   (helmet restricted)
rElec    .         Reflect  .   (no cloak)
rCorr    .         Harm     .   (no gloves)
MR       .....                  q - +0 pair of boots
Stlth    ..........             (no amulet)
HPRegen  0.13/turn              (no ring)
MPRegen  0.08/turn              (no ring)

@: no status effects
A: retaliatory headbutt, horns 2
a: no special abilities


You were on level 3 of the Dungeon.
You were not hungry.

You visited 1 branch of the dungeon, and saw 3 of its levels.

You collected 174 gold pieces.

Inventory:

Hand Weapons
 a - a +2 flail (weapon)
Missiles
 g - 243 stones (quivered)
Armour
 b - a +0 scale mail (worn)
 c - a +0 medium shield (worn)
 q - a +0 pair of boots (worn)
Scrolls
 k - a scroll of fear
 l - 2 scrolls of teleportation
 p - a scroll of amnesia
 s - a scroll of magic mapping
Potions
 d - 2 potions of might
 f - a potion of magic {unknown}
 i - a potion of invisibility
 j - 2 potions of haste
 m - 2 potions of curing
 t - a potion of mutation {unknown}
Comestibles
 e - 4 rations {!d}


   Skills:
 + Level 4.1 Fighting
 + Level 3.6 Maces & Flails
 + Level 4.6 Armour
 + Level 0.8 Dodging
 + Level 4.3 Shields


You had 3 spell levels left.
You didn't know any spells.
Your spell library was empty.

Dungeon Overview and Level Annotations

Branches:
Dungeon (3/12)

Altars:
Wu Jian


Innate Abilities, Weirdness & Mutations

You reflexively headbutt those who attack you in melee.
You have a pair of horns on your head.


Message History

There is a stone staircase leading up here.
There is a stone staircase leading up here.
You sock the rat!
You kill the rat!
A hobgoblin comes into view. It is wielding a +0 club.
The hobgoblin shouts!
An orc comes into view. It is wielding a +0 club.
You see here a rat corpse.
The orc priest calls down the wrath of Beogh upon you.
Beogh smites you!
The orc priest mumbles some strange prayers to Beogh against you.
Beogh smites you!
You hear a shout!
There is a stone staircase leading up here.
You hit the orc.
The orc is almost dead.
The orc completely misses you.
The orc priest calls down the wrath of Beogh upon you.
Beogh smites you!
You die...

.........#.
..o......#.
......>...
..<.....o###
#.....!.o..
.^.g..?.O#
.......oo#
########o#
#@# #.# ..#
####


You could see an ogre, 3 orc priests and 3 orcs.

Vanquished Creatures
  A crimson imp (D:2)
  An adder (D:2)
  An ooze (D:2)
  2 worms (D:2)
  2 dart slugs
  2 leopard geckos (D:1)
  An orc (D:2)
  A giant cockroach (D:1)
  2 goblins (D:2)
  7 hobgoblins
  2 quokkas (D:2)
  4 bats (D:2)
  4 frilled lizards
  10 kobolds
  7 rats
47 creatures vanquished.

Notes
Turn   | Place    | Note
-------+----------+-------------------------------------------
     0 | D:1      | funkygono the Minotaur Fighter began the quest for the Orb.
     0 | D:1      | Reached XP level 1. HP: 19/19 MP: 0/0
   279 | D:1      | Reached XP level 2. HP: 25/27 MP: 1/1
   828 | D:2      | Reached XP level 3. HP: 32/33 MP: 2/2
  1283 | D:2      | Found an ornate altar of the Wu Jian Council.
  1298 | D:2      | Reached XP level 4. HP: 36/40 MP: 3/3
  1602 | D:3      | Noticed an ogre
  1608 | D:3      | Killed from afar by an orc priest

Skill      XL: |  1  2 |
---------------+-------+-----
Armour         | 4 |  4.6
Fighting       | 4 |  4.1
Maces & Flails | 3 |  3.6
Shields        | 4 |  4.3
Dodging        | |  0.8

Action                   |  1- 3 |  4- 6 || total
-------------------------+-------+-------++-------
Melee: Flail             |   108 |    10 ||   118
       Headbutt          |    14 |     2 ||    16
  Use: Scroll            |     4 |     6 ||    10
  Eat: Chunk             |     1 |     1 ||     2
Armor: Scale mail        |    38 |     4 ||    42
Dodge: Dodged            |    32 |     2 ||    34
Block: Medium shield     |    61 |     3 ||    64
